[Event "*** SCC Grand Prix: Titled Tuesday Blitz"]
[Site "Chess.com"]
[Date "2020.06.02"]
[Round "1"]
[White "ehrenfeld"]
[Black "Fandorine"]
[Result "0-1"]
[WhiteElo "2434"]
[BlackElo "2903"]
[TimeControl "180+1"]
[EndTime "10:06:52 PDT"]
[Termination "Fandorine won on time"]

1. e4 c5 2. d3 Nc6 3. f4 g6 4.
Nf3 Bg7 5. Be2 d6 6. O-O Nf6 7. Qe1 O-O 8. Qh4 Nd4 9. Bd1 Nxf3+ 10. Bxf3 Rb8 11. Nc3 Bd7 12. e5 Ne8 13. exd6 Nxd6 14.
Kh1 Nf5 15. Qf2 Nd4 16. Bd1 Bc6 17. Ne4 b6 18. c3 Nf5 19. Bc2 Qc7 20. Bd2 Rbd8 21. Rad1 Qb7 22. Qe2 e6 23. Bc1 h5 24.
Ng5 Rfe8 25. Nf3 Bd5 26. Bb3 Bxb3 27. axb3 Qd5 28. c4 Qd6 29. Be3 Nxe3 30. Qxe3 Bxb2 31. Ne5 Rf8 32. Qe4 Bxe5 33. fxe5 Qd4 34. Qe2 Qc3 35.
Rf3 Qxb3 36. Rdf1 Qc3 37. h3 Qd4 0-1

[Event "*** SCC Grand Prix: Titled Tuesday Blitz"]
[Site "Chess.com"]
[Date "2020.06.02"]
[Round "1"]
[White "StephenDedalus83"]
[Black "Makswolf200817"]
[Result "1-0"]
[WhiteElo "2739"]
[BlackElo "2380"]
[TimeControl "180+1"]
[EndTime "10:06:52 PDT"]
[Termination "StephenDedalus83 won by resignation"]

1. e4 e6 2. d4 d5 3. Nc3 Bb4 4.
e5 c5 5. a3 Bxc3+ 6. bxc3 Qa5 7. Bd2 Qa4 8. Qb1 c4 9. h4 Ne7 10. h5 h6 11. g4 Nbc6 12. Bh3 Bd7 13. Ne2 O-O-O 14. Be3 Rdf8 15. Kd2 f6 16. f4 f5 17. Qg1 fxg4 18. Bxg4 Rf7 19. Ng3 Rhf8 20.
Qh2 Nd8 21. Rhf1 b6 22. Rf2 Kc7 23. f5 exf5 24. e6 f4 25. exf7 fxe3+ 26. Kxe3 Bxg4 27.
Nf5+ Kb7 28. Nxe7 Nxf7 29. Nxd5 Re8+ 30. Kd2 Ng5 31. Qc7+ Ka8 32. Re1 Rxe1 33. Kxe1 Qe8+ 34. Qe7 Qxe7+ 35. Nxe7 Bxh5 36. Rf8+ Kb7 37. Nf5 Ne6 38. Rg8 Bg6 39. Nxg7 Bf7 40. Rh8 Nxg7 41. Rh7 Ka6 42.
Rxg7 Bd5 43. Rh7 Be4 44. Rxh6 Bxc2 45. Kd2 Bf5 46. Ke3 Kb5 47. Rh5 1-0

[Event "*** SCC Grand Prix: Titled Tuesday Blitz"]
[Site "Chess.com"]
[Date "2020.06.02"]
[Round "1"]
[White "SHIVACalypso"]
[Black "Kira170"]
[Result "0-1"]
[WhiteElo "2283"]
[BlackElo "2621"]
[TimeControl "180+1"]
[EndTime "10:06:52 PDT"]
[Termination "Kira170 won by resignation"]

1. Nf3 Nf6 2. c4 e6 3. g3 d5 4. Bg2 g6 5. O-O Bg7 6. d4 O-O 7. Nc3 c6 8. b3 Nbd7 9. Bb2 b6 10. Nd2 Bb7 11. e4 Nxe4 12. Ndxe4 dxe4 13. Nxe4 c5 14. Rb1 Bxe4 15. Bxe4 Rc8 16. Bg2 Qc7 17. dxc5 Nxc5 18. Bxg7 Kxg7 19. Qc2 a5 20. Rbd1 Rfd8 21. Qc3+ Kg8 22.
Qf6 Rd7 23. Rxd7 Qxd7 24. Bf3 Qd8 25. Qe5 Qc7 26. Qxc7 Rxc7 27. Rd1 Nd7 28. Rd6 Kf8 29. Bc6 Ke7 30. Rxd7+ Rxd7 31. Bxd7 Kxd7 32. Kf1 Kd6 33. Ke2 Kc5 34. Kd3 Kb4 35. Kc2 Ka3 36. Kb1 e5 37. f3 f5 38. h3 e4 39. fxe4 fxe4 40. g4 e3 41. Kc2 Kxa2 0-1

[Event "*** SCC Grand Prix: Titled Tuesday Blitz"]
[Site "Chess.com"]
[Date "2020.06.02"]
[Round "1"]
[White "Arek_pacitan"]
[Black "RianKapriaga"]
[Result "1-0"]
[WhiteElo "2545"]
[BlackElo "2195"]
[TimeControl "180+1"]
[EndTime "10:06:52 PDT"]
[Termination "Arek_pacitan won on time"]

1. Nf3 Nf6 2. d4 d5 3. c4 e6 4. Nc3 Be7 5. cxd5 exd5 6. Bg5 O-O 7. e3 Nbd7 8. Bd3 c5 9. O-O c4 10. Bc2 a6 11. a4 b6 12. Ne5 Bb7 13. f4 h6 14. Bh4 Ne4 15. Bxe7 Qxe7 16. Bxe4 dxe4 17. Nxc4 Rac8 18. Nd2 Nf6 19. Qb3 Ng4 20. Rae1 Qh4 21. h3 Nf6 22. Qxb6 Rxc3 23. bxc3 Bc8 24. f5 Qh5 25.
Qc5 Qg5 26. Qe5 Re8 27. Qf4 Qh5 28. c4 Rd8 29. d5 Re8 30. Nb3 Bd7 31. a5 Ba4 32.
Nc5 Bc2 33. Nxa6 Bd3 34. Rf2 Bxc4 35. Nc7 Rd8 36. a6 Bxd5 37. a7 Bb7 38. Ra1 1-0

[Event "*** SCC Grand Prix: Titled Tuesday Blitz"]
[Site "Chess.com"]
[Date "2020.06.02"]
[Round "1"]
[White "Shtembuliak"]
[Black "Kostya26"]
[Result "1-0"]
[WhiteElo "2878"]
[BlackElo "2428"]
[TimeControl "180+1"]
[EndTime "10:06:53 PDT"]
[Termination "Shtembuliak won by checkmate"]

1. c4 e6 2. Nc3 d5 3. d4 Nf6 4.
cxd5 exd5 5. Bg5 c6 6. e3 Be7 7. Bd3 O-O 8. Nge2 Re8 9. O-O Ne4 10. Bf4 Bf5 11. Bxe4 Bxe4 12. Nxe4 dxe4 13. Qb3 Qb6 14. Qc2 Nd7 15. Ng3 c5 16. dxc5 Nxc5 17. Nxe4 Nxe4 18.
Qxe4 Bd6 19. Qf3 Bxf4 20. Qxf4 Qxb2 21. Rfb1 Qc3 22. Rc1 Qe5 23. Qxe5 Rxe5 24. Rc7 Rb5 25. Rd1 Rb2 26. g4 Rxa2 27. Rdd7 Rf8 28. Rxb7 a5 29.
Ra7 a4 30. Kg2 a3 31. Rd3 g6 32. Rdxa3 Rxa3 33. Rxa3 Kg7 34. h4 Rc8 35. Kg3 Rc5 36.
Kf4 Rc4+ 37. e4 Rc2 38. f3 Rh2 39. Kg3 Rh1 40. Ra5 Rg1+ 41. Kf4 Rh1 42. h5 Rb1 43. g5 gxh5 44. Ra6 Rh1 45. Rh6 Rh2 46. Kg3 Rh1 47. f4 Rg1+ 48. Kf2 Rh1 49. e5 Rh4 50. Kg3 Rh1 51.
Kg2 Rh4 52. Kf3 Rh3+ 53. Ke4 Rh1 54. Kf5 Kg8 55. Ra6 Kg7 56. Ra7 Kg8 57. Kf6 h4 58. Ra8# 1-0

[Event "*** SCC Grand Prix: Titled Tuesday Blitz"]
[Site "Chess.com"]
[Date "2020.06.02"]
[Round "1"]
[White "Elbek_Jumanov"]
[Black "Yaacovn"]
[Result "0-1"]
[WhiteElo "2427"]
[BlackElo "2873"]
[TimeControl "180+1"]
[EndTime "10:06:53 PDT"]
[Termination "Yaacovn won by resignation"]

1. c4 b6 2. Nf3 Bb7 3. g3 c5 4. Bg2 g6 5. O-O Bg7 6. Nc3 Nf6 7. b3 d5 8. cxd5 Nxd5 9. Bb2 O-O 10. Rc1 Nc6 11. d3 Ncb4 12. Qd2 Nxc3 13. Bxc3 Bxc3 14.
Rxc3 Qd6 15. Qh6 Bxf3 16. Bxf3 Rad8 17. Rc4 Qf6 18. a3 Nd5 19. b4 cxb4 20. axb4 e6 21. b5 Nc3 22. Rb4 Rd4 23. Rb3 Rc8 24. Rc1 Rd7 25. Kg2 Rdc7 26. Re1 Qe5 27. Bc6 a5 28. Rc1 Nxe2 29. Rc4 Nd4 30. Rbc3 Nxc6 31. bxc6 Rxc6 32. Rxc6 Rxc6 33. Rxc6 Qd5+ 34. Kg1 Qxc6 35. Qg5 Qc5 36. Qd8+ Kg7 37. d4 Qc1+ 38. Kg2 Qc6+ 39. Kg1 a4 40. h4 h5 41. g4 hxg4 42. h5 a3 43. h6+ Kxh6 44. Qh8+ Kg5 45. Qe5+ f5 46. Qe3+ Kf6 47. Qe5+ Kf7 48. Qh8 a2 49. Qh7+ Kf8 50. Qh8+ Ke7 51. Qg7+ Kd8 52. Qf8+ Kc7 53. Qg7+ Qd7 54. Qe5+ Qd6 55.
Qg7+ Kc6 0-1

[Event "*** SCC Grand Prix: Titled Tuesday Blitz"]
[Site "Chess.com"]
[Date "2020.06.02"]
[Round "1"]
[White "Khamrakulov_Djurabek"]
[Black "bratkoo"]
[Result "1-0"]
[WhiteElo "2821"]
[BlackElo "2405"]
[TimeControl "180+1"]
[EndTime "10:06:53 PDT"]
[Termination "Khamrakulov_Djurabek won by resignation"]

1. e4 e6 2. d4 d5 3. Nd2 c5 4.
exd5 exd5 5. Ngf3 Nf6 6. Bb5+ Bd7 7. Qe2+ Be7 8. dxc5 O-O 9. O-O Bxc5 10. Nb3 Bb6 11. Bg5 h6 12. Bh4 Re8 13. Qd3 Bxb5 14. Qxb5 Qd7 15. Qd3 Ne4 16. Rad1 Qg4 17. Qxd5 Nc6 18.
Qd7 Qh5 19. Qxb7 Rac8 20. c3 Qb5 21. Qd7 g5 22. Bg3 Rcd8 23. Qh3 Rxd1 24. Rxd1 Qe2 25. Rf1 Kg7 26. Qd7 Re6 27. Nbd4 Nxd4 28. Nxd4 Bxd4 29.
Qxd4+ Kg6 30. f4 Nd2 31. f5+ Kh5 32. Re1 Qxe1+ 33. Bxe1 Rxe1+ 34. Kf2 Re4 35. Qxd2 Rf4+ 36. Qxf4 gxf4 37. Kf3 Kg5 38. Ke4 Kg4 39. c4 h5 40. c5 h4 41. c6 f3 42. gxf3+ Kh3 43. c7 Kxh2 44. c8=Q Kg2 45. Qg8+ Kf2 46. Qg4 1-0

[Event "*** SCC Grand Prix: Titled Tuesday Blitz"]
[Site "Chess.com"]
[Date "2020.06.02"]
[Round "1"]
[White "Piotrek1979"]
[Black "obliviate12"]
[Result "0-1"]
[WhiteElo "2412"]
[BlackElo "2824"]
[TimeControl "180+1"]
[EndTime "10:06:55 PDT"]
[Termination "obliviate12 won by resignation"]

1. Nf3 Nf6 2. g3 d5 3. Bg2 e6 4. c4 Be7 5. O-O O-O 6. d3 c5 7. Nc3 Nc6 8. a3 d4 9. Na4 a5 10. Bd2 e5 11. Rb1 Bd7 12. Ng5 Qc7 13. Ne4 Nxe4 14.
Bxe4 f5 15. Bd5+ Kh8 16. e3 Bd6 17. b3 f4 18. exf4 exf4 19. Qh5 Bf5 20. Nb2 Rf6 21.
Be4 Raf8 22. f3 fxg3 23. f4 Rh6 24. Qf3 Rxh2 25. Be1 g2 26. Rf2 Rh3 27. Qxg2 Rh6 28. Bxf5 Rxf5 29. Qe4 Qf7 30. Rg2 Re6 31. Qf3 Rxf4 0-1

[Event "*** SCC Grand Prix: Titled Tuesday Blitz"]
[Site "Chess.com"]
[Date "2020.06.02"]
[Round "1"]
[White "valeriocarnicelli"]
[Black "Shivagami"]
[Result "1-0"]
[WhiteElo "2588"]
[BlackElo "2248"]
[TimeControl "180+1"]
[EndTime "10:06:55 PDT"]
[Termination "valeriocarnicelli won on time"]

1. e4 c5 2. Nf3 d6 3. d4 cxd4 4. Nxd4 Nf6 5. Nc3 a6 6. f3 e5 7. Nb3 Be6 8. Be3 Be7 9. Qd2 b5 10. O-O-O Nbd7 11. g4 O-O 12. g5 Nh5 13. Nd5 Bxd5 14.
exd5 Nb6 15. Na5 Na4 16. Nc6 Qc7 17. Bh3 f5 18. gxf6 Bxf6 19. b3 Nc5 20. Bxc5 dxc5 21. Kb1 Nf4 22. Bf5 c4 23. Be4 Qd6 24. Qb4 Qxb4 25.
Nxb4 cxb3 26. axb3 a5 27. Nc6 a4 28. b4 Ne2 29. Rd3 a3 30. Ka2 Ra4 31. d6 Bd8 32.
d7 Kh8 33. Re1 Nf4 34. Rxa3 Rxa3+ 35. Kxa3 Ne6 36. Rd1 g6 37. Rd6 Nc7 38. Kb3 Kg7 39. Nxe5 1-0

[Event "*** SCC Grand Prix: Titled Tuesday Blitz"]
[Site "Chess.com"]
[Date "2020.06.02"]
[Round "1"]
[White "GM_LOADING"]
[Black "GHANDEEVAM2003"]
[Result "0-1"]
[WhiteElo "2444"]
[BlackElo "2952"]
[TimeControl "180+1"]
[EndTime "10:06:56 PDT"]
[Termination "GHANDEEVAM2003 won by resignation"]

1. e4 c5 2. Nf3 d6 3. d4 cxd4 4. Nxd4 Nf6 5. Nc3 a6 6. h3 e5 7. Nde2 h5 8. g3 Be6 9. Bg2 Nbd7 10. a4 Rc8 11. Be3 Be7 12. O-O Qa5 13. Qd2 Rc4 14.
b3 Rc6 15. Rfc1 Bd8 16. Nd5 Qxd2 17. Bxd2 Bxd5 18. exd5 Rc8 19. a5 Nc5 20. b4 Nce4 21.
Be3 Rc4 22. Rd1 Rxc2 23. Kf1 Rxe2 24. Kxe2 Nc3+ 25. Kd3 Nxd1 26. Rxd1 Kd7 27. Rc1 Bc7 28.
Bg5 Nh7 29. h4 f5 30. Bh3 g6 31. f4 Nxg5 32. hxg5 Bb8 33. Rc4 Re8 34. Rc2 Ba7 35.
Re2 e4+ 36. Kc3 Rc8+ 37. Kb3 Kd8 38. Bg2 Rc1 39. Rc2 Rd1 0-1

[Event "*** SCC Grand Prix: Titled Tuesday Blitz"]
[Site "Chess.com"]
[Date "2020.06.02"]
[Round "1"]
[White "Chopper1905"]
[Black "ditkin25"]
[Result "1-0"]
[WhiteElo "2930"]
[BlackElo "2439"]
[TimeControl "180+1"]
[EndTime "10:06:56 PDT"]
[Termination "Chopper1905 won by resignation"]

1. f4 c5 2. Nf3 Nc6 3. g3 g6 4.
Bg2 Bg7 5. O-O Nf6 6. d3 d5 7. c3 O-O 8. Na3 a6 9. Qe1 b5 10. e4 dxe4 11. dxe4 Bb7 12. e5 Nd5 13. Ng5 e6 14.
Ne4 c4 15. Qf2 Qc7 16. Nc2 b4 17. Bd2 bxc3 18. bxc3 Rfd8 19. Rab1 Rab8 20. Nd6 Bf8 21. Nxc4 Nd4 22. Nxd4 Qxc4 23. Rb3 Bc5 24. Rfb1 Rd7 25.
Kh1 Nxf4 26. Bxf4 Bxg2+ 27. Kxg2 Rxb3 28. Rxb3 Qd5+ 29. Qf3 Qc4 30. Rb8+ Kg7 31. Bg5 f5 32. exf6+ Kf7 33. Rh8 Bxd4 34. Rxh7+ Kg8 35. Rxd7 Qxa2+ 36. Kh3 1-0

[Event "*** SCC Grand Prix: Titled Tuesday Blitz"]
[Site "Chess.com"]
[Date "2020.06.02"]
[Round "1"]
[White "SARGISMV"]
[Black "Shota_Azaladze"]
[Result "0-1"]
[WhiteElo "2417"]
[BlackElo "2837"]
[TimeControl "180+1"]
[EndTime "10:06:56 PDT"]
[Termination "Shota_Azaladze won by resignation"]

1. d4 Nf6 2. Nf3 g6 3. c4 Bg7 4. Nc3 c5 5. e4 O-O 6. d5 e6 7. Bd3 exd5 8. cxd5 Re8 9. O-O d6 10. h3 Nbd7 11. Bf4 c4 12. Bc2 Nc5 13. Re1 a6 14. a4 Nh5 15. Be3 Bd7 16. Bxc5 dxc5 17. a5 Nf4 18. e5 b5 19. axb6 Qxb6 20. Ra2 Rad8 21. Re4 Bh6 22. Rxc4 Bb5 23. Re4 Qb7 24. d6 Bc6 25. Re3 Nxh3+ 26. Kf1 Bxe3 27. fxe3 h6 28. Ba4 Ng5 29. Bxc6 Qxc6 30. Nd5 Kg7 31. Nxg5 hxg5 32.
Qf3 Re6 33. Kg1 Rde8 34. b3 Rxe5 35. Qf6+ Kg8 36. Ne7+ R8xe7 37. dxe7 Qxf6 38. e8=Q+ Rxe8 0-1

[Event "*** SCC Grand Prix: Titled Tuesday Blitz"]
[Site "Chess.com"]
[Date "2020.06.02"]
[Round "1"]
[White "tteshan"]
[Black "Mikhail_Golubev"]
[Result "1-0"]
[WhiteElo "2227"]
[BlackElo "2546"]
[TimeControl "180+1"]
[EndTime "10:06:56 PDT"]
[Termination "tteshan won on time"]

1. e4 c5 2. c3 d6 3. d4 Nf6 4. dxc5 Nc6 5. cxd6 Nxe4 6. Nf3 Nxd6 7. Bd3 g6 8. O-O Bg7 9. Re1 O-O 10. Be3 Nf5 11. Bc5 Qd5 12. Bxf5 Qxf5 13. Bxe7 Nxe7 14. Rxe7 Be6 15.
Na3 Rad8 16. Qa4 Bd5 17. Re3 Bc6 18. Qc2 Qxc2 19. Nxc2 Bh6 20. Re2 Rfe8 21. Rae1 Rxe2 22. Rxe2 Kg7 23. Nfd4 Bd5 24. f3 Bxa2 25. b3 Bb1 26. Nb4 a6 27. Re7 Kf6 28. Re1 a5 29. Nd5+ 1-0

[Event "*** SCC Grand Prix: Titled Tuesday Blitz"]
[Site "Chess.com"]
[Date "2020.06.02"]
[Round "1"]
[White "Fusikk"]
[Black "Xeniya2005"]
[Result "0-1"]
[WhiteElo "2595"]
[BlackElo "2293"]
[TimeControl "180+1"]
[EndTime "10:06:57 PDT"]
[Termination "Xeniya2005 won by checkmate"]

1. d4 Nf6 2. c4 b6 3. Nc3 Bb7 4. a3 e6 5. Nf3 Be7 6. Qc2 c5 7. Bg5 O-O 8. Rd1 h6 9. Bh4 cxd4 10. Nxd4 Nc6 11. Ndb5 Rc8 12. e3 a6 13. Nd6 Bxd6 14. Rxd6 Ne5 15. b3 Qe7 16. Rxb6 d5 17. Bxf6 gxf6 18.
cxd5 Qc7 19. Rb4 Bxd5 20. Kd2 Rfd8 21. Rd4 f5 22. Be2 Nc6 23. Nxd5 exd5 24. Rc1 Qa5+ 25. b4 Nxb4 26. Qxc8 Nc6+ 27. Kd1 Rxc8 28. Rd3 Rc7 29. Rdc3 Qb6 30. Bf3 d4 31. Rxc6 Rxc6 32. Rxc6 Qb3+ 33. Rc2 d3 34. g4 Qxc2+ 35. Ke1 Qc1+ 36. Bd1 fxg4 37.
h3 gxh3 38. f3 h2 39. Kf2 h1=Q 40. Be2 Qce1# 0-1

[Event "*** SCC Grand Prix: Titled Tuesday Blitz"]
[Site "Chess.com"]
[Date "2020.06.02"]
[Round "1"]
[White "Ariadna_Atreides"]
[Black "RestartingChess"]
[Result "1/2-1/2"]
[WhiteElo "2045"]
[BlackElo "2481"]
[TimeControl "180+1"]
[EndTime "10:06:57 PDT"]
[Termination "Game drawn by agreement"]

1. d4 Nf6 2. Nf3 g6 3. c4 Bg7 4. Nc3 d5 5. cxd5 Nxd5 6. Na4 O-O 7. e4 Nb6 8. Be3 Bg4 9. Nc5 Qc8 10. Qc2 N8d7 11. O-O-O Nxc5 12. Qxc5 Qe6 13. Kb1 Qxe4+ 14. Bd3 Qc6 15. Qxc6 bxc6 16. Rc1 Nd5 17. Be4 Nxe3 18. fxe3 Bh6 19. Rxc6 Bxe3 20. Rxc7 Rab8 21. Rxe7 Bxf3 22.
gxf3 Bxd4 23. b3 a5 24. Bd5 a4 25. Rd1 Bf6 26. Ra7 axb3 27. axb3 Rfd8 28. Bxf7+ Kg7 29. Bc4+ Kh6 30. Rdd7 Rxd7 31. Rxd7 Ra8 32. b4 Ra4 33. Rb7 Bc3 34. Kc2 Rxb4 35. Rxb4 Bxb4 36. Kd3 Kg5 37. Ke2 Kf4 38. Kf2 h6 39. Kg2 g5 40. Be6 h5 41. h3 Be1 42. Bf7 h4 43. Be8 Bg3 44. Bd7 Ke3 45. Be8 Bf4 46. Bd7 1/2-1/2

[Event "*** SCC Grand Prix: Titled Tuesday Blitz"]
[Site "Chess.com"]
[Date "2020.06.02"]
[Round "1"]
[White "TigrVShlyape"]
[Black "Grandmaster2B"]
[Result "1-0"]
[WhiteElo "2890"]
[BlackElo "2430"]
[TimeControl "180+1"]
[EndTime "10:06:58 PDT"]
[Termination "TigrVShlyape won by checkmate"]

1. d4 Nf6 2. Nf3 e6 3. Bf4 c5 4. e3 Nc6 5. Nbd2 d5 6. c3 Bd6 7. Bg3 O-O 8. Bd3 cxd4 9. exd4 Qc7 10. Qe2 Re8 11. Ne5 g6 12. O-O Nd7 13. f4 f6 14.
Ng4 f5 15. Ne5 Nf6 16. Bh4 Ne4 17. g4 Nxe5 18. fxe5 Be7 19. Bxe7 Qxe7 20. Qe3 Qh4 21. Be2 Qg5 22. Qxg5 Nxg5 23. c4 b6 24. gxf5 gxf5 25. cxd5 exd5 26. Kf2 Ne6 27. Nf3 Kf7 28. Rac1 Bb7 29.
Bd3 f4 30. Bxh7 Rh8 31. Bf5 Rac8 32. h4 Rc4 33. b3 Rb4 34. Bxe6+ Kxe6 35. Rc7 Ba6 36.
Rc6+ Kf5 37. Rf6+ Ke4 38. Rd1 Rb5 39. Ng5# 1-0

[Event "*** SCC Grand Prix: Titled Tuesday Blitz"]
[Site "Chess.com"]
[Date "2020.06.02"]
[Round "1"]
[White "lilleper1"]
[Black "Angel_Hranitel_37"]
[Result "0-1"]
[WhiteElo "2709"]
[BlackElo "2386"]
[TimeControl "180+1"]
[EndTime "10:06:58 PDT"]
[Termination "Angel_Hranitel_37 won by resignation"]

1. d4 Nf6 2. c4 g6 3. Nc3 Bg7 4. e4 d6 5. Nf3 O-O 6. Be2 e5 7. O-O Nc6 8. dxe5 dxe5 9. Bg5 Qxd1 10. Rfxd1 h6 11. Be3 Be6 12. Rac1 Kh7 13. Bd3 Ng4 14. Bc5 Rfd8 15. Nd5 b6 16. Ba3 Rac8 17. c5 Bxd5 18. exd5 Nd4 19. Nxd4 exd4 20. Ba6 Rb8 21. d6 Be5 22. Re1 Bxh2+ 23. Kf1 bxc5 24. Re4 h5 25.
dxc7 Bxc7 26. Rxc5 Bd6 27. Rc2 Bxa3 28. bxa3 d3 29. Rc1 Rb2 30. Rf4 Kg7 31. g3 Rd6 32. Bc4 Rf6 33. Rxf6 Kxf6 34. f4 d2 35. Rd1 Ne3+ 36. Ke2 Nxc4 0-1

[Event "*** SCC Grand Prix: Titled Tuesday Blitz"]
[Site "Chess.com"]
[Date "2020.06.02"]
[Round "1"]
[White "Fortitudine"]
[Black "Ali_rastbod"]
[Result "0-1"]
[WhiteElo "2314"]
[BlackElo "2649"]
[TimeControl "180+1"]
[EndTime "10:06:58 PDT"]
[Termination "Ali_rastbod won on time"]

1. c4 g6 2. g3 Bg7 3. Bg2 c5 4. Nc3 Nc6 5. e4 e6 6. Nge2 Nge7 7. O-O O-O 8. d3 d6 9. Be3 Nd4 10. Qd2 a6 11. Bh6 Rb8 12. Nxd4 cxd4 13. Bxg7 Kxg7 14.
Ne2 e5 15. Rac1 Be6 16. b3 Nc6 17. f4 f6 18. h4 Bg4 19. Bf3 Be6 20. Bg2 Qd7 21.
Kh2 Rfc8 22. Ng1 b5 23. Bh3 Bxh3 24. Nxh3 bxc4 25. dxc4 a5 26. Nf2 a4 27. Rb1 axb3 28.
axb3 Nb4 29. Nd3 Nxd3 30. Qxd3 Qc6 31. fxe5 dxe5 32. Rfc1 Rb4 33. c5 Qb7 34. Rc4 Rxc4 35. bxc4 Qe7 36. Rb5 Rxc5 37. Qa3 Rc7 38. Qxe7+ Rxe7 39. c5 Rc7 40. Kg2 Kf7 41. Kf2 Ke7 42. Ke2 Kd7 43.
Kd3 Kc6 44. Kc4 Rb7 45. Ra5 Kd7 46. Ra6 Rc7 47. Rd6+ Ke7 48. Rb6 Ra7 0-1

[Event "*** SCC Grand Prix: Titled Tuesday Blitz"]
[Site "Chess.com"]
[Date "2020.06.02"]
[Round "1"]
[White "BabyBoss31"]
[Black "vovachesss"]
[Result "0-1"]
[WhiteElo "2307"]
[BlackElo "2643"]
[TimeControl "180+1"]
[EndTime "10:06:58 PDT"]
[Termination "vovachesss won by resignation"]

1. d4 Nf6 2. c4 c5 3. d5 b5 4.
Qc2 bxc4 5. e4 d6 6. Bxc4 g6 7. Nf3 Bg7 8. O-O O-O 9. h3 Ba6 10. Na3 Qb6 11. Rb1 Nbd7 12. b3 Rab8 13. Qe2 Bxc4 14.
Nxc4 Qa6 15. Re1 Rb7 16. Nfd2 Rfb8 17. a4 Nb6 18. Nxb6 Qxe2 19. Rxe2 Rxb6 20. g3 Nd7 21.
f4 Bc3 22. Re3 Bd4 23. Kf2 c4 24. Nxc4 Rxb3 25. Rxb3 Rxb3 26. Ke2 Bxe3 27. Bxe3 Rb4 28. Na5 Rxa4 29. Nc6 Ra2+ 30. Kf3 a5 31. Nxe7+ Kf8 32.
Nc8 a4 33. Nxd6 a3 34. Nb5 Ra1 35. Bd4 Rb1 36. Nc3 Rb4 37. Ke3 Rb2 38. Na4 Rb3+ 39. Nc3 a2 0-1

[Event "*** SCC Grand Prix: Titled Tuesday Blitz"]
[Site "Chess.com"]
[Date "2020.06.02"]
[Round "1"]
[White "MightyGMpretender"]
[Black "DonPreuss"]
[Result "1-0"]
[WhiteElo "2571"]
[BlackElo "2229"]
[TimeControl "180+1"]
[EndTime "10:06:58 PDT"]
[Termination "MightyGMpretender won by resignation"]

1. Nf3 Nc6 2. d4 d6 3. c4 g6 4. Nc3 Bg7 5. h3 e5 6. d5 Nce7 7. e4 f5 8. Bd3 Nf6 9. Qc2 O-O 10.
Bd2 fxe4 11. Nxe4 Nxe4 12. Bxe4 Bf5 13. Bg5 Qd7 14. Bxe7 Qxe7 15. O-O Bxe4 16. Qxe4 Rf4 17. Qe2 Raf8 18. Nd2 e4 19. g3 R4f5 20. Qxe4 Qxe4 21.
Nxe4 Bxb2 22. Rab1 Bd4 23. Kg2 h6 24. Rxb7 Bb6 25. a4 Rf3 26. a5 Bxa5 27. Rxa7 Bb6 28.
Ra8 Rxa8 29. Kxf3 Ra3+ 30. Kg2 Kf7 31. Rc1 Ra2 32. Rc3 Bd4 33. Rd3 Bb6 34. Rf3+ Ke7 35.
Nf6 h5 36. Ng8+ Ke8 37. Nf6+ Ke7 38. Nh7 Bd4 39. h4 Rc2 40. Nf8 Rxc4 41. Nxg6+ Ke8 42.
Rf8+ Kd7 43. Rf7+ Kc8 44. Nf4 Be5 45. Nxh5 Rd4 46. Nf4 Bxf4 47. Rxf4 Rxd5 48. g4 Kd7 49. g5 Ke7 50. g6 Rh5 51. g7 1-0

[Event "*** SCC Grand Prix: Titled Tuesday Blitz"]
[Site "Chess.com"]
[Date "2020.06.02"]
[Round "1"]
[White "I_Hit_18K_on_BS"]
[Black "Mikasinski"]
[Result "1-0"]
[WhiteElo "2109"]
[BlackElo "2486"]
[TimeControl "180+1"]
[EndTime "10:06:58 PDT"]
[Termination "I_Hit_18K_on_BS won on time"]

1. e4 c5 2. Nf3 d6 3. d4 cxd4 4. Nxd4 Nf6 5. Nc3 g6 6. Be3 Bg7 7. f3 O-O 8. Qd2 Nc6 9. O-O-O Bd7 10. g4 Ne5 11. h3 Rc8 12. f4 Nc4 13. Bxc4 Rxc4 14.
e5 Ne8 15. Qe2 Rc8 16. Bf2 Qa5 17. e6 fxe6 18. Nxe6 Rxc3 19. Nxf8 Kxf8 20. Rhe1 Qxa2 21. Qxe7+ Kg8 22. Qxd7 Rxc2+ 23. Kxc2 Qxb2+ 24. Kd3 Nf6 25. Qd8+ Bf8 26. Bd4 Qb5+ 27. Ke3 Nd5+ 28. Ke4 Qb3 29. Rd3 1-0

[Event "*** SCC Grand Prix: Titled Tuesday Blitz"]
[Site "Chess.com"]
[Date "2020.06.02"]
[Round "1"]
[White "iaraldinho"]
[Black "ARMQUEEN"]
[Result "1-0"]
[WhiteElo "2662"]
[BlackElo "2328"]
[TimeControl "180+1"]
[EndTime "10:06:59 PDT"]
[Termination "iaraldinho won by resignation"]

1. e4 c5 2. Nf3 Nc6 3. d4 cxd4 4. Nxd4 g6 5. Nc3 Bg7 6. Be3 Nf6 7. Be2 d5 8. exd5 Nxd5 9. Nxd5 Qxd5 10. Bf3 Qa5+ 11. c3 Ne5 12. Be2 O-O 13. O-O Rd8 14. Qb3 a6 15. h3 Qc7 16. a4 b6 17. Nf3 Nxf3+ 18. Bxf3 Rb8 19. Rad1 Be6 20. Rxd8+ Qxd8 21. Qb4 Be5 22. Rd1 Qc7 23. Be2 Bd6 24. Qh4 a5 25.
Bg5 Bb3 26. Rd4 Bc5 27. Re4 f6 28. Bf4 Bd6 29. Bc4+ Kh8 30. Bxd6 Qxd6 31. Bxb3 b5 32. Rd4 Qe5 33. Qe4 bxa4 34. Bxa4 Rxb2 35. Qxe5 fxe5 36.
Rd5 e4 37. Rxa5 Kg7 38. Re5 Rb1+ 39. Kh2 Rc1 40. Rxe7+ Kf6 41. Rxe4 Rxc3 42. Re3 Rc1 43. Kg3 h5 44. Bb3 g5 45. h4 gxh4+ 46. Kxh4 Rh1+ 47.
Rh3 Rf1 48. Kxh5 1-0

[Event "*** SCC Grand Prix: Titled Tuesday Blitz"]
[Site "Chess.com"]
[Date "2020.06.02"]
[Round "1"]
[White "HunterBRR"]
[Black "Thipsay"]
[Result "1-0"]
[WhiteElo "2020"]
[BlackElo "2447"]
[TimeControl "180+1"]
[EndTime "10:07:01 PDT"]
[Termination "HunterBRR won by checkmate"]

1. d4 Nf6 2. c4 g6 3. Nc3 Bg7 4. e4 d6 5. Be2 O-O 6. Nf3 Nbd7 7. Be3 e5 8. O-O c6 9. Qd2 Ng4 10. Bg5 f6 11. Bh4 Qe8 12. d5 g5 13. Bg3 c5 14.
a3 Qe7 15. b4 Nh6 16. Rab1 Nf7 17. Nb5 f5 18. exf5 Nf6 19. Nxg5 cxb4 20. Ne6 Bh6 21.
Qxb4 Ne4 22. Nxf8 Bxf8 23. Bd3 Bxf5 24. Bxe4 Bxe4 25. Rb3 b6 26. Re3 Bg6 27. Nc3 Qd7 28. Ne4 Bxe4 29. Rxe4 Ng5 30. Re3 Rc8 31. Qb3 Qc7 32.
Bh4 Nf7 33. Rg3+ Bg7 34. Bf6 Nh6 35. Rxg7+ Qxg7 36. Bxg7 Kxg7 37. Qg3+ Kf7 38. Qg5 Ng8 39. Qf5+ Nf6 40. Qxc8 Kg6 41. Qc7 h5 42. Qxa7 Ne4 43.
Qxb6 h4 44. c5 Kf7 45. c6 Nc5 46. c7 Nd7 47. Qb7 Kf6 48. c8=Q Nc5 49. Qf8+ Kg6 50. Qbg7+ Kh5 51. Qfh8# 1-0

[Event "*** SCC Grand Prix: Titled Tuesday Blitz"]
[Site "Chess.com"]
[Date "2020.06.02"]
[Round "1"]
[White "Marty435"]
[Black "HansCoolNiemann"]
[Result "1-0"]
[WhiteElo "2434"]
[BlackElo "2827"]
[TimeControl "180+1"]
[EndTime "10:07:02 PDT"]
[Termination "Marty435 won on time"]

1. d4 Nf6 2. Bg5 e6 3. Nd2 d5 4. e4 dxe4 5. Nxe4 Be7 6. Bxf6 gxf6 7. Nf3 f5 8. Ng3 a6 9. Qd2 b5 10. O-O-O Bb7 11. Be2 Qd6 12. Nh5 Rg8 13. Qh6 Bxf3 14. Qxh7 Bxe2 15. Qxg8+ Kd7 16. Ng7 Kc6 17. Rde1 Bc4 18.
b3 Qxd4 19. Qe8+ Qd7 20. bxc4 Qxe8 21. Nxe8 Kd7 22. Ng7 Bg5+ 23. Kb2 bxc4 24. Nh5 Nc6 25. Rd1+ Ke7 26. h4 Bh6 27. Kc3 Rb8 28. Rb1 Rd8 29.
Rhd1 Rg8 30. g3 Rg4 31. Rb7 1-0

[Event "*** SCC Grand Prix: Titled Tuesday Blitz"]
[Site "Chess.com"]
[Date "2020.06.02"]
[Round "1"]
[White "platy3"]
[Black "MartinMatthiesen"]
[Result "1-0"]
[WhiteElo "2720"]
[BlackElo "2362"]
[TimeControl "180+1"]
[EndTime "10:07:03 PDT"]
[Termination "platy3 won by resignation"]

1. e4 e5 2. Nf3 Nc6 3. Bb5 a6 4. Ba4 Nf6 5. O-O Be7 6. Re1 b5 7. Bb3 O-O 8. c3 d5 9. exd5 Nxd5 10. Nxe5 Nxe5 11. Rxe5 c6 12. d3 Bd6 13. Re1 Bf5 14. Qf3 Qf6 15. Nd2 Rae8 16. Ne4 Qg6 17. h3 Bb8 18. Bd2 Ba7 19. a4 Re7 20. axb5 axb5 21.
Ng3 Be6 22. d4 Rfe8 23. Qh5 Qxh5 24. Nxh5 h6 25. Ng3 Bb8 26. Ne4 Bf5 27. f3 Kh7 28. Kf2 Bxe4 29. fxe4 Nf6 30. e5 Nd5 31. Ra6 Re6 32. Bc2+ Kg8 33. Bf5 R6e7 34. Rxc6 f6 35. e6 Ra7 36. Bg6 Rd8 37. Be4 Ne7 38. Rb6 Ra2 39.
Rxb5 1-0